cohdb
Replays
Latest Replays
All Replays
Popular Replays
Top Player Replays
Match Explorer
How It Works
Community
CoH3 Stats
Reddit
Sign in to upload your games and track your stats! →
Sign in with Steam
Match 44774768
Unlisted
Match 44774768
Overview
Messages
Build Orders
End
Vickers Machine Gun Team
Construct Section Command Post
Dingo Light Scout Car
Infantry Section
Selects Canadian Shock Battlegroup
Construct Platoon Command Post
Selects Attacking Spirit
Selects Canadian Shock Section
Canadian Shock Section
Humber Armored Car
Selects Incendiary Munitions
Construct Company Command Post
Selects Pyrotechnics
Royal Engineer Section
Crusader II Medium Tank
Infantry Training
Royal Engineer Section
Crusader II Medium Tank
Armored Vehicle Training
Selects Demolition Engineering
Crusader II Medium Tank
Unlock Bishop Self-propelled Artillery
Construct Field Infirmary
Demolition Engineering
Selects Point Assault
Crusader II Medium Tank
Crusader II Medium Tank
Crusader II Medium Tank
Crusader II Medium Tank
豪师傅
⚓️Ruby⚓
*Mule
DexN
0
0
Comments
sign in to comment!
No comments posted yet!